 Dungeon Crawl Stone Soup version 0.30-a0-778-g2ef04afb54 (webtiles) character file.

Game seed: 12591793866069609218

2183 Dustman the Slicer (level 9, -15/106 HPs)
             Began as a Human Fighter on Feb 15, 2023.
             Demolished by a red ugly thing (23 damage)
             ... on level 7 of the Dungeon.
             The game lasted 00:37:00 (5498 turns).

Dustman the Slicer (Human Fighter)                  Turns: 5498, Time: 00:37:00

Health: -15/106    AC: 24    Str: 16    XL:     9   Next: 59%
Magic:  9/9        EV:  2    Int: 11    God:
Gold:   342        SH: 10    Dex: 15    Spells: 8/8 levels left

rFire   . . .      SeeInvis +    a - +0 rapier
rCold   . . .      Faith    .    c - +0 buckler
rNeg    . . .      Spirit   .    (body armour currently unavailable)
rPois   +          Reflect  +    (helmet currently unavailable)
rElec   .          Harm     .    (cloak currently unavailable)
rCorr   .          Rampage  .    (gloves currently unavailable)
Will    .....      NoTele   +    (boots currently unavailable)
Stlth   +                        e - amulet of reflection
HPRegen 0.37/turn                m - ring of poison resistance
MPRegen 0.11/turn                (no ring)

@: mighty, tree-form (expiring), silenced, hasted, very quick
A: stationary, stasis, torment immunity, boosted hp, see invisible, mutation
resistance 1
a: no special abilities


You were on level 7 of the Dungeon.
You were a tree.
You visited 2 branches of the dungeon, and saw 8 of its levels.
You also visited: Ossuary.

You collected 418 gold pieces.
You spent 76 gold pieces at shops.

Inventory:

Hand Weapons
 a - a +0 rapier (weapon)
Missiles
 q - 13 boomerangs (quivered)
Armour
 b - a +0 pair of gloves (melded)
 c - a +0 buckler (worn)
 r - the +6 chain mail "Tafuheq" (melded) {rCorr SInv}
   (You found it on level 4 of the Dungeon)

   SInv:      It lets you see invisible.
   rCorr:     It protects you from acid and corrosion.
 D - a +0 helmet (melded)
Jewellery
 e - an amulet of reflection (around neck)
 m - a ring of poison resistance (left branch)
 t - an amulet of the acrobat
 w - a ring of see invisible
Wands
 i - a wand of flame (64)
 y - a wand of polymorph (3)
Scrolls
 h - a scroll of butterflies {unknown}
 n - a scroll of enchant weapon {unknown}
 p - a scroll of fear {unknown}
 v - a scroll of fog {unknown}
 C - a scroll of brand weapon {unknown}
Potions
 f - a potion of resistance {unknown}
 j - a potion of haste
 k - a potion of magic {unknown}
 l - a potion of lignification
 u - 2 potions of flight {unknown}
 z - a potion of mutation
 A - a potion of berserk rage {unknown}


   Skills:
 + Level 6.9 Fighting
 * Level 9.1 Short Blades
 + Level 5.7 Armour
 - Level 2.0 Stealth
 - Level 3.0 Shields


You had 8 spell levels left.
You didn't know any spells.
Your spell library contained the following spells:

 Spells                   Type           Power      Damage    Failure   Level
 Shock                    Conj/Air       0%         1d3       43%         1
 Ensorcelled Hibernation  Hex/Ice        0%         N/A       56%         2
 Gell's Gravitas          Tloc           0%         N/A       80%         3
 Hailstorm                Conj/Ice       0%         3d3       80%         3
 Portal Projectile        Hex/Tloc       0%         N/A       80%         3
 Spider Form              Tmut/Pois      0%         N/A       80%         3
 Swiftness                Air            0%         N/A       80%         3
 Teleport Other           Tloc           0%         N/A       80%         3
 Tukima's Dance           Hex            0%         N/A       80%         3
 Airstrike                Air            0%         2d(0-16)  99%         4
 Anguish                  Hex/Necr       0%         N/A       99%         4
 Ice Form                 Ice/Tmut       0%         N/A       99%         4
 Blade Hands              Tmut           0%         N/A       100%        5
 Dispersal                Tloc           0%         N/A       100%        6
 Simulacrum               Ice/Necr       0%         N/A       100%        6


Dungeon Overview and Level Annotations

Branches:
Dungeon (7/15)             Temple (1/1) D:7         Ossuary (visited)

Altars:
Cheibriados
Fedhas
Gozag
Hepliaklqana
Kikubaaqudgha
Okawaru
Ru
Sif Muna
Trog
Wu Jian
Xom
Yredelemnul
The Shining One

Shops:
D:5 *!   D:6 *


Innate Abilities, Weirdness & Mutations

You are a tree.
Your roots penetrate the ground, keeping you stationary.
You cannot be teleported.
You are immune to unholy pain and torment.
Your maximum health is greatly increased.
Your equipment is partially melded.
You have supernaturally acute eyesight. (SInv)
You are somewhat resistant to further mutation.


Message History

The red ugly thing is almost dead.
You hit the red ugly thing.
The red ugly thing is almost dead.
The red ugly thing bites you!
* * * LOW HITPOINT WARNING * * *
You are engulfed in flames!
* * * LOW HITPOINT WARNING * * *
You feel much better. You block the red ugly thing's attack.
The red ugly thing bites you.
You are engulfed in flames!
* * * LOW HITPOINT WARNING * * *
You puncture the red ugly thing!
You kill the red ugly thing!
The boulder beetle leaps!
You block the red ugly thing's attack.
Your Short Blades skill increases to level 9!
It was a potion of mutation.
You feel extremely strange.
Your vision sharpens.
Reactivating autopickup.
You feel genetically stable. You block the gnoll's attack.
Okay, then.
Okay, then.
Magic scrolls do not work when you're silenced!
You puncture the red ugly thing!
The red ugly thing is lightly wounded.
Your transformation is almost over.
The red ugly thing gores you but does no damage.
You barely miss the red ugly thing.
The red ugly thing is lightly wounded.
You closely miss the red ugly thing.
The red ugly thing is lightly wounded.
The gnoll hits you but does no damage.
The red ugly thing gores you but does no damage.
You puncture the red ugly thing!
The red ugly thing is moderately wounded.
You puncture the red ugly thing!
The red ugly thing is heavily wounded.
You block the gnoll's attack. The red ugly thing gores you!
* * * LOW HITPOINT WARNING * * *
You are engulfed in flames!!
You die...

.....#.#.....#.##.#.#.#.##
#.#..)..#.#.#..'.#.#.#.#.+
..#..#.#.....#.##.#.#.#.#
.....#..#.#.#..###o#.#B#
.....#.#.#.#.#.#o.#u#.#
...#.#.........#[.##.#
...'.#####.#########'#
..##..# #.# ##g.BF#
..#...# #.# #♣#.###
..#...# #. #.u#.. ..#...##
###Jo... ###....# .....#
....##.## ....# ....#...##
...#.. .###'....### ###.#.
# ###'#...##### ..
#.........#


You could see a boulder beetle, a red ugly thing, a bullfrog, a jelly, an orc
wizard (invisible) and a gnoll.

Vanquished Creatures
  An ugly thing (D:7)
  A yak (D:7)
  2 wraiths (Ossuary)
  2 ogres
  A kobold brigand (D:7)
  3 necrophages
  A bullfrog (D:6)
  A scorpion (D:7)
  2 wights (Ossuary)
  A howler monkey (D:4)
  A centaur zombie (Ossuary)
  2 hounds
  2 jellies
  2 orc priests
  A gnoll bouda (D:7)
  5 orc wizards
  A mummy (D:5)
  3 gnolls (D:6)
  7 adders
  A white imp (D:6)
  3 ufetubi
  An adder zombie (Ossuary)
  3 worms
  2 dart slugs
  21 orcs
  7 endoplasms
  4 giant cockroaches
  9 goblins
  10 hobgoblins
  A quokka (D:4)
  6 ball pythons
  4 bats
  5 frilled lizards
  A goblin zombie (D:5)
  2 hobgoblin skeletons (Ossuary)
  3 hobgoblin zombies
  18 kobolds
  A kobold zombie (Ossuary)
  An orc skeleton (Ossuary)
  An orc zombie (Ossuary)
  3 rats
146 creatures vanquished.

Notes
Turn   | Place    | Note
-------+----------+-------------------------------------------
     0 | D:1      | Dustman the Human Fighter began the quest for the Orb.
     0 | D:1      | Reached XP level 1. HP: 18/18 MP: 1/1
   138 | D:1      | Reached XP level 2. HP: 23/24 MP: 2/2
   337 | D:2      | Reached skill level 1 in Stealth
   342 | D:2      | Reached XP level 3. HP: 25/29 MP: 3/3
   368 | D:2      | Found a faded altar of an unknown god.
   579 | D:1      | Reached skill level 3 in Short Blades
   811 | D:3      | Reached XP level 4. HP: 28/35 MP: 4/4
  1048 | D:4      | Identified the +6 chain mail "Tafuheq" {rCorr SInv}
  1176 | D:4      | Reached skill level 4 in Short Blades
  1176 | D:4      | Reached XP level 5. HP: 34/42 MP: 5/5
  1239 | D:3      | Found a sacrificial altar of Ru.
  1285 | D:3      | Reached XP level 6. HP: 48/48 MP: 6/6
  1787 | D:3      | Reached skill level 5 in Short Blades
  2727 | D:4      | Reached XP level 7. HP: 49/55 MP: 7/7
  2741 | D:5      | Entered Level 5 of the Dungeon
  2860 | D:5      | Found a sand-covered staircase.
  2900 | Ossuary  | Entered an ossuary
  3026 | Ossuary  | Noticed a flying skull
  3026 | Ossuary  | Noticed a wraith
  3047 | Ossuary  | Reached skill level 5 in Fighting
  3047 | Ossuary  | Reached skill level 6 in Short Blades
  3056 | Ossuary  | Noticed a flying skull
  3062 | Ossuary  | Noticed a wraith
  3070 | Ossuary  | Killed a wraith
  3074 | Ossuary  | Noticed a flying skull
  3081 | Ossuary  | Noticed a wraith
  3089 | Ossuary  | Killed a wraith
  3090 | Ossuary  | Reached XP level 8. HP: 31/63 MP: 8/8
  3096 | Ossuary  | Noticed a flying skull
  3097 | Ossuary  | Noticed a flying skull
  3380 | D:5      | Reached skill level 7 in Short Blades
  3434 | D:5      | Found Heschyp's General Store.
  3437 | D:5      | Bought a potion of curing for 36 gold pieces
  3523 | D:5      | Found Fughununk's Distillery.
  3528 | D:5      | Bought a potion of might for 40 gold pieces
  4190 | D:6      | Found Taklaipy's Elemental Accessories.
  4744 | D:7      | Found a staircase to the Ecumenical Temple.
  4883 | D:7      | Found a bloodstained altar of Trog.
  5083 | Temple   | Entered the Ecumenical Temple
  5404 | D:7      | Reached skill level 8 in Short Blades
  5404 | D:7      | Reached XP level 9. HP: 69/69 MP: 9/9
  5423 | D:7      | Reached skill level 5 in Armour
  5440 | D:7      | Noticed a boulder beetle
  5440 | D:7      | Noticed a white ugly thing
  5450 | D:7      | Noticed a white ugly thing
  5492 | D:7      | Killed a red ugly thing
  5493 | D:7      | Reached skill level 9 in Short Blades
  5493 | D:7      | Gained mutation: You have supernaturally acute eyesight.
                  | (SInv) [potion of mutation]
  5493 | D:7      | Gained mutation: You are somewhat resistant to further
                  | mutation. [potion of mutation]
  5498 | D:7      | Demolished by a red ugly thing

Illustrated notes

Levels and vault maps discovered:
D:1:      matt_arrival_los_fun, layout_loops_ring, minmay_liquid_box,
          serial_bayou_crossing
D:2:      layout_basic, dreamdust_ecumenical_altar_statues, bh_walls_and_bars
D:3:      layout_loops_ring, nicolae_ru_great_annihilating_truth,
          chequers_serial_rivers_large_a
D:4:      layout_cave_pools, minmay_stone_trees_large, kennysheep_dice
D:5:      layout_loops_corners, nicolae_ossuary_entry_giza, serial_shops,
          kennysheep_mini, nicolae_shop_hallway_stairs, corexii_hall_statues_x,
          grunt_ministairs_7, serial_bayou_pond_e
D:6:      layout_rooms, nicolae_elemental_shop
D:7:      minmay_the_grid_plus_closed [minmay_the_grid_spin_star,
          minmay_the_grid_gridbox, minmay_the_grid_tri_star,
          minmay_the_grid_mess, minmay_the_grid_prize_four_corners_diamond_b],
          layout_gridville, vehumet_altar_wand_db, amcnicky_altar_gilded,
          gammafunk_temple_overflow_claw, amethyst_overflow_temple_binary,
          minmay_temple_entry_glass
Temple:   grunt_temple_mini_profane

Skill      XL: |  1  2  3  4  5  6  7  8  9 |
---------------+----------------------------+-----
Stealth        | 1 2 |  2.0
Short Blades   | 3 4 5 6 8 9 |  9.1
Fighting       | 4 5 6 |  6.9
Armour         | 4 5 |  5.7
Shields        | |  3.0

Action                     |  1- 3 |  4- 6 |  7- 9 || total
---------------------------+-------+-------+-------++-------
  Melee: Rapier            |   122 |   290 |   390 ||   802
  Throw: Boomerang         |       |       |     7 ||     7
  Evoke: Wand              |       |     3 |     2 ||     5
    Use: Scroll            |       |     2 |     9 ||    11
         Potion            |       |       |    12 ||    12
 Armour: Scale mail        |    45 |     3 |       ||    48
         Chain mail        |       |   127 |   133 ||   260
         Skin              |       |       |    19 ||    19
  Dodge: Dodged            |    28 |    53 |    46 ||   127
  Block: Buckler           |    56 |   121 |   164 ||   341
         Reflection        |     6 |     1 |     3 ||    10

Table legend: (Time is in decaauts)
 A = Elapsed time spent in this place.
 B = Non-inter-level travel time spent in this place.
 C = Inter-level travel time spent in this place.
 D = Time resting spent in this place.
 E = Time spent auto-exploring this place.
 F = Levels seen in this place.
 G = Mean time per level.
                   A        B        C        D        E       F      G
               +--------+--------+--------+--------+--------+-----+--------+
         Total |   5492 |   5300 |    192 |     71 |   2298 |   9 |  610.2 |
       Dungeon |   4825 |   4656 |    169 |     53 |   2127 |   7 |  689.3 |
        Temple |    297 |    274 |     23 |      0 |    171 |   1 |  297.0 |
       Ossuary |    369 |    369 |      0 |     18 |      0 |   1 |  369.0 |
               +--------+--------+--------+--------+--------+-----+--------+

Top non-repeatable levels by time:
     D:3: 1082 daAuts
     D:5: 965 daAuts
     D:4: 803 daAuts
     D:6: 596 daAuts
     D:1: 515 daAuts
     D:7: 490 daAuts
     D:2: 369 daAuts
 Ossuary: 369 daAuts
  Temple: 297 daAuts
